 Dungeon Crawl Stone Soup version 0.28.0-43-g3370ac3207 (webtiles) character file.

Game seed: 3348597058017847976

2902 pkoi the Destroyer (level 9, 0/62 HPs)
             Began as a Purple Draconian Conjurer on Feb 28, 2022.
             Was a Follower of Sif Muna.
             Killed by an exploding fulminant prism (20 damage)
             ... on level 6 of the Dungeon.
             The game lasted 00:11:21 (9870 turns).

pkoi the Destroyer (Purple Draconian Conjurer)      Turns: 9870, Time: 00:11:22

Health: 0/62       AC:  7    Str: 11    XL:     9   Next: 49%
Magic:  1/18       EV: 13    Int: 22    God:    Sif Muna [*.....]
Gold:   300        SH:  0    Dex:  9    Spells: 9/20 levels left

rFire   + . .      SeeInvis .   f - +1 quarterstaff
rCold   . . .      Faith    .   (shield currently unavailable)
rNeg    . . .      Spirit   .   (armour unavailable)
rPois   .          Reflect  .   (helmet restricted)
rElec   .          Harm     .   (no cloak)
rCorr   .          Rampage  .   (no gloves)
Will    +....                   (no boots)
Stlth   ++........              (no amulet)
HPRegen 0.20/turn               b - ring of protection from fire
MPRegen 0.16/turn               a - ring of wizardry

@: no status effects
A: breathe power, AC +7, unfitting armour, cold-blooded
a: Breathe Dispelling Energy, Renounce Religion, Channel Magic


You were on level 6 of the Dungeon.
You worshipped Sif Muna.
Sif Muna was aware of your devotion.
You visited 2 branches of the dungeon, and saw 7 of its levels.

You collected 300 gold pieces.

Inventory:

Hand Weapons
 c - a +0 club
 f - a +1 quarterstaff (weapon)
Missiles
 g - 4 atropa-tipped darts
 p - 5 poisoned darts
Jewellery
 a - a ring of wizardry (right hand)
 b - a ring of protection from fire (left hand)
Scrolls
 d - a scroll of summoning
 j - a scroll of magic mapping
 l - a scroll of teleportation
 m - 2 scrolls of identify
 q - a scroll of fear
Potions
 e - 3 potions of curing
 h - a potion of resistance {unknown}
 i - a potion of mutation
 k - 2 potions of brilliance {unknown}
 n - 2 potions of heal wounds
 o - 2 potions of flight {unknown}


   Skills:
 + Level 5.3 Dodging
 - Level 1.7 Stealth
 - Level 6.0 Spellcasting
 + Level 8.3 Conjurations
 + Level 5.9 Hexes
 + Level 5.6 Translocations


You had 9 spell levels left.
You knew the following spells:

 Your Spells              Type           Power      Damage    Failure   Level
a - Magic Dart            Conj           100%       1d8       1%          1
b - Searing Ray           Conj           86%        2d7       1%          2
c - Iskenderun's Mystic   Conj/Tloc      37%        2d9       1%          4
d - Fulminant Prism       Conj/Hex       19%        3d11      1%          4

Your spell library contained the following spells:

 Spells                   Type           Power      Damage    Failure   Level
 Static Discharge         Conj/Air       25%        N/A       1%          2
 Dazzling Flash           Conj/Hex       76%        N/A       1%          3
 Portal Projectile        Hex/Tloc       64%        N/A       1%          3
 Call Canine Familiar     Summ           6%         N/A       11%         3
 Leda's Liquefaction      Hex/Erth       9%         N/A       11%         4
 Chain Lightning          Conj/Air       12%        3d16      100%        9
 Fire Storm               Conj/Fire      12%        8d3       100%        9


Dungeon Overview and Level Annotations

Branches:
Dungeon (6/15)             Temple (1/1) D:4

Altars:
Ashenzari
Cheibriados
Elyvilon
Fedhas
Gozag
Hepliaklqana
Makhleb
Nemelex Xobeh
Okawaru
Qazlal
Ru
Sif Muna
Trog
Vehumet
Wu Jian
Xom
Yredelemnul
Zin
The Shining One


Innate Abilities, Weirdness & Mutations

You can breathe bolts of dispelling energy.
Your rich purple scales are hard. (AC +7)
You cannot fit into any form of body armour.
You are cold-blooded and may be slowed by cold attacks.


Message History

You kill the centaur!
Sif Muna accepts your kill.
The blast of energy engulfs the wight!!
You destroy the wight!
Sif Muna accepts your kill.
Unknown command.
Unknown command.
You start resting.
A wight is nearby!
A wight is nearby!
A wight is nearby!
Casting: Fulminant Prism (dangerous; 1% risk of failure)
Confirm with . or Enter, or press ? or * to list all spells.
Aiming: Fulminant Prism (dangerous; 1% risk of failure)
Press: ? - help, Dir - move target You conjure a prism of explosive energy!
A fulminant prism comes into view.
Your fulminant prism crackles loudly.
The wight hits your fulminant prism with a +4 dire flail!
Your fulminant prism explodes!
The blast of energy engulfs the wight!
The wight is heavily damaged.
The blast of energy engulfs the wight!!
You destroy the wight!
Sif Muna accepts your kill.
You open the door.
There is an open door here.
Casting: Fulminant Prism (dangerous; 1% risk of failure)
Confirm with . or Enter, or press ? or * to list all spells.
Aiming: Fulminant Prism (dangerous; 1% risk of failure)
Press: ? - help, Dir - move target You conjure a prism of explosive energy!
A fulminant prism comes into view.
Your fulminant prism crackles loudly.
Your fulminant prism explodes!
The blast of energy engulfs the wight!
You destroy the wight!
Sif Muna accepts your kill. The blast of energy engulfs you!!
You die...

######## #......# #########
#......#
###.......############......#####
..'.......'..........'......'....
###.......############......##.##
############....######......##.#
.....).....'..).@....#########.#
############....####..# #.# ...#
###### #.# ##.#### #.# ##..)*#
#.# #####)# #.# ##..#.# #.#
##....# .. #c.z### #.


There were no monsters in sight!

Vanquished Creatures
  Pikel (D:6)
  Maggie (D:6)
  Prince Ribbit (D:6)
  Grinder (D:5)
  Sigmund (D:3)
  Eustachio (D:4)
  2 necrophages
  An ogre (D:6)
  2 centaurs (D:6)
  2 lemures (D:6)
  A scorpion (D:5)
  A water moccasin skeleton (D:4)
  5 wights (D:6)
  4 orc priests (D:5)
  A bullfrog skeleton (D:6)
  3 hounds
  2 centaur skeletons (D:6)
  A gnoll shaman (D:6)
  5 iguanas
  Terence (D:2)
  A scorpion zombie (D:5)
  2 orc wizards (D:5)
  A killer bee zombie (D:5)
  A hound skeleton (D:5)
  A hound zombie (D:5)
  A gnoll (D:6)
  9 adders
  A white imp (D:6)
  3 dart slugs
  13 orcs
  10 bats
  8 endoplasms
  5 giant cockroaches
  6 goblins
  8 hobgoblins
  2 kobolds
  5 ball pythons
  4 frilled lizards
  4 rats
122 creatures vanquished.

Vanquished Creatures (others)
  12 fulminant prisms
12 creatures vanquished.

Grand Total: 134 creatures vanquished

Notes
Turn   | Place    | Note
-------+----------+-------------------------------------------
     0 | D:1      | pkoi the Draconian Conjurer began the quest for the Orb.
     0 | D:1      | Reached XP level 1. HP: 14/14 MP: 3/3
   292 | D:1      | Reached XP level 2. HP: 20/20 MP: 0/5
  1171 | D:1      | Found a faded altar of an unknown god.
  1601 | D:2      | Found a glowing golden altar of the Shining One.
  1674 | D:2      | Got the Papyrus of Confrontation
  1679 | D:2      | Reached skill level 5 in Conjurations
  1679 | D:2      | Reached XP level 3. HP: 26/26 MP: 1/6
  2574 | D:2      | Noticed Terence
  2615 | D:2      | Killed Terence
  2616 | D:2      | Reached XP level 4. HP: 11/33 MP: 0/7
  2622 | D:2      | Reached skill level 6 in Conjurations
  2993 | D:2      | Learned a level 2 spell: Searing Ray
  2998 | D:2      | Learned a level 4 spell: Iskenderun's Mystic Blast
  3434 | D:3      | Noticed Sigmund
  3550 | D:3      | Found an iron altar of Okawaru.
  3750 | D:3      | Found a broken altar of Ashenzari.
  3874 | D:3      | Killed Sigmund
  3875 | D:3      | Reached XP level 5. HP: 18/38 MP: 0/9
  3875 | D:3      | Reached XP level 6. HP: 21/45 MP: 0/10
  4231 | D:3      | Found a blossoming altar of Fedhas.
  4734 | D:4      | Noticed Eustachio
  4843 | D:4      | Found a glowing silver altar of Zin.
  5194 | D:4      | Found a staircase to the Ecumenical Temple.
  5200 | Temple   | Entered the Ecumenical Temple
  5289 | Temple   | Became a worshipper of Sif Muna the Loreminder
  5427 | D:4      | Found a burning altar of Makhleb.
  5550 | D:5      | Entered Level 5 of the Dungeon
  5717 | D:5      | Your scales start taking on a rich purple colour.
  5717 | D:5      | Reached XP level 7. HP: 47/50 MP: 7/13
  5789 | D:4      | Learned a level 4 spell: Fulminant Prism
  6090 | D:4      | Killed Eustachio
  6819 | D:5      | Reached skill level 7 in Conjurations
  7197 | D:5      | Reached XP level 8. HP: 18/57 MP: 5/15
  7715 | D:5      | Reached * piety under Sif Muna
  7820 | D:5      | Noticed Grinder
  7831 | D:5      | Paralysed by Grinder for 4 turns
  7838 | D:5      | Killed Grinder
  7839 | D:5      | Reached skill level 5 in Spellcasting
  8380 | D:6      | Noticed Maggie
  8828 | D:6      | Killed Maggie
  9402 | D:6      | Noticed Prince Ribbit
  9410 | D:6      | Killed Prince Ribbit
  9411 | D:6      | Reached skill level 5 in Hexes
  9411 | D:6      | Reached XP level 9. HP: 9/62 MP: 9/18
  9817 | D:6      | Noticed Pikel
  9824 | D:6      | Reached skill level 5 in Translocations
  9826 | D:6      | Killed Pikel
  9827 | D:6      | Reached skill level 5 in Dodging
  9827 | D:6      | Reached skill level 8 in Conjurations
  9870 | D:6      | Killed by an exploding fulminant prism

Illustrated notes

Levels and vault maps discovered:
D:1:      lightli_arrival_noodles, layout_basic,
          ebering_ecumenical_altar_abandoned
D:2:      cheibrodos_old_hovel, layout_basic, serial_bayou, serial_bayou_pond_d,
          serial_bayou_shore_a, serial_bayou_pond_a, serial_bayou_pond_c,
          basic_altar, kennysheep_potato, uniq_terence
D:3:      layout_basic, mainiacjoe_overflow_small_starburst, old_standard_altar,
          mainiacjoe_overflow_tiny_flanked, uniq_sigmund
D:4:      layout_basic, old_standard_altar, mainiacjoe_overflow_alcove_1,
          minmay_temple_entry_waves, patterned_corridor, uniq_eustachio
D:5:      layout_cave_pools, uniq_grinder
D:6:      layout_basic, serial_park_tiny_1, uniq_pikel, uniq_prince_ribbit1,
          uniq_maggie
Temple:   zaba_magenta_temple

Skill      XL: |  1  2  3  4  5  6  7  8  9 |
---------------+----------------------------+-----
Conjurations   | 5 6 7 8 |  8.3
Translocations | 2 3 4 5 |  5.6
Spellcasting   | 4 6 |  6.0
Dodging        | 3 4 5 |  5.3
Hexes          | 3 5 |  5.9
Stealth        | |  1.7

Action                   |  1- 3 |  4- 6 |  7- 9 || total
-------------------------+-------+-------+-------++-------
Melee: Club              |     3 |       |       ||     3
       Tailslap          |     1 |       |     3 ||     4
       Quarterstaff      |    27 |     6 |    18 ||    51
 Cast: Magic Dart        |    64 |    75 |   106 ||   245
       Searing Ray       |       |     2 |    23 ||    25
       Fulminant Prism   |       |       |    12 ||    12
       Iskenderun's Myst |       |       |     3 ||     3
 Abil: Breathe Dispellin |       |       |     1 ||     1
  Use: Scroll            |     6 |     4 |     2 ||    12
       Potion            |     3 |       |       ||     3
 Stab: Sleeping          |       |     1 |       ||     1
Armor: Skin              |    23 |     3 |    26 ||    52
Dodge: Dodged            |    12 |    16 |    64 ||    92
